 Dungeon Crawl Stone Soup version 0.20.1-1-g8b1a95d (webtiles) character file.

151 greprep the Skirmisher (level 5, -10/48 HPs)
             Began as a Minotaur Fighter on July 23, 2017.
             Killed from afar by a white imp (11 damage)
             ... with a puff of frost
             ... summoned by Natasha
             ... on level 3 of the Dungeon.
             The game lasted 00:02:39 (2038 turns).

greprep the Skirmisher (Minotaur Fighter)           Turns: 2038, Time: 00:02:40

Health: -10/48     AC:  0    Str: 21    XL:     5   Next: 10%
Magic:  4/4        EV: 13    Int:  6    God:
Gold:   79         SH:  0    Dex:  9    Spells: 4/4 levels left

rFire    . . .     SeeInvis .   (weapon currently unavailable)
rCold    . . .     Gourm    .   (shield currently unavailable)
rNeg     . . .     Faith    .   (armour currently unavailable)
rPois    .         Spirit   .   (helmet currently unavailable)
rElec    .         Reflect  .   (cloak currently unavailable)
rCorr    .         Harm     .   (gloves currently unavailable)
MR       .....                  (boots currently unavailable)
Stlth    +.........             (no amulet)
Regen    0.2/turn               (ring currently unavailable)
MPRegen  0.1/turn               (ring currently unavailable)

@: pig-form (expiring), slowed
A: (retaliatory headbutt)
a: no special abilities


You were on level 3 of the Dungeon.
You were not hungry.
You were a filthy swine.
You visited 1 branch of the dungeon, and saw 3 of its levels.

You collected 79 gold pieces.

Inventory:

Hand Weapons
 a - a +0 war axe (melded)
Armour
 b - a +0 scale mail (melded)
 c - a +0 shield (melded)
Jewellery
 k - a cursed ring of teleportation {unknown}
Scrolls
 e - 2 scrolls of magic mapping {unknown}
 g - a scroll of identify {unknown}
 h - a scroll of enchant armour {unknown}
 i - a scroll of noise {unknown}
 j - a scroll of teleportation {unknown}
 l - a scroll of recharging {unknown}
 p - a scroll of amnesia {unknown}
Potions
 d - a potion of might
 m - a potion of agility {unknown}
 n - a potion of magic {unknown}
 o - a potion of curing {unknown}
Comestibles
 f - a bread ration
 q - a royal jelly
 r - 3 fruits


   Skills:
 + Level 5.4 Fighting
 + Level 5.0 Axes
 - Level 3.6 Armour
 - Level 3.6 Shields


You had 4 spell levels left.
You didn't know any spells.

Dungeon Overview and Level Annotations

Branches:
Dungeon (3/15)

Altars:

Annotations:
D:3 1 runed door, Natasha


Innate Abilities, Weirdness & Mutations

((You reflexively headbutt those who attack you in melee.))
((You have a pair of horns on your head.))


Message History

Unknown command.
Natasha zaps a wand.
The crimson imp disappears in a puff of smoke!
Natasha zaps a wand.
You resist with some effort. The white imp gestures at you.
The puff of frost hits you!
* * * LOW HITPOINT WARNING * * *
Natasha casts a spell at you. The magic dart hits you!
* * * LOW HITPOINT WARNING * * *
Your transformation is almost over.
Natasha zaps a wand.
You resist with some effort. The white imp gestures at you.
The puff of frost hits you!
* * * LOW HITPOINT WARNING * * *
Natasha zaps a wand.
Natasha zaps a wand.
The white imp gestures at you. The puff of frost hits you!
You die...

.......# .......#
.......# .......#
.......############
......##...5......#
#..........h......#
...##.............#
...##...........h.#
...##.............#
...##...............
......................
..........###.......###
..........# #.......#
....... #.....###
...... #.....# ##...


You could see Natasha and a white imp.

Vanquished Creatures
  Natasha (D:3)
  3 gnolls
  5 adders
  An ooze (D:1)
  A worm (D:3)
  A dart slug (D:3)
  2 leopard geckos (D:3)
  4 giant cockroaches
  3 goblins
  8 hobgoblins
  A ball python (D:1)
  5 bats
  2 frilled lizards (D:1)
  3 kobolds (D:3)
  3 rats
43 creatures vanquished.

Notes
Turn   | Place    | Note
-------+----------+-------------------------------------------
     0 | D:1      | greprep the Minotaur Fighter began the quest for the Orb.
     0 | D:1      | Reached XP level 1. HP: 19/19 MP: 0/0
    85 | D:1      | Reached XP level 2. HP: 27/27 MP: 1/1
   499 | D:2      | Reached XP level 3. HP: 23/33 MP: 2/2
  1043 | D:3      | Noticed Natasha
  1048 | D:3      | Killed Natasha
  1048 | D:3      | Reached XP level 4. HP: 35/41 MP: 3/3
  1197 | D:3      | Reached skill level 5 in Fighting
  1684 | D:3      | Reached XP level 5. HP: 47/48 MP: 4/4
  1730 | D:3      | Reached skill level 5 in Axes
  1809 | D:3      | Found a runed door.
  2015 | D:3      | Noticed Natasha
  2036 | D:3      | HP: 1/48 [white imp/puff of frost[Natasha] (7)]
  2038 | D:3      | Killed from afar by a white imp

Skill      XL: |  1  2  3  4  5 |
---------------+----------------+-----
Axes           | 3 4 5 |  5.0
Fighting       | 4 5 |  5.4
Armour         | |  3.6
Shields        | |  3.6

Action                   |  1- 3 |  4- 6 || total
-------------------------+-------+-------++-------
Melee: War axe           |    52 |    62 ||   114
       Headbutt          |    11 |     5 ||    16
       Unarmed           |       |     8 ||     8
  Eat: Bread ration      |       |     1 ||     1
Armor: Scale mail        |    24 |    30 ||    54
Dodge: Dodged            |    24 |    29 ||    53
Block: Shield            |    26 |    26 ||    52
